 Dungeon Crawl Stone Soup version 0.29.1-1-gd02db6906a (webtiles) character file.

Game seed: 7446539363570466969

200 Sanktem7 the Trooper (level 5, -1/49 HPs)
             Began as a Minotaur Fighter on Oct 2, 2022.
             Slain by a gnoll
             ... wielding a +0 whip
              (3 damage)
             ... on level 3 of the Dungeon.
             The game lasted 00:03:38 (2608 turns).

Sanktem7 the Trooper (Minotaur Fighter)             Turns: 2608, Time: 00:03:38

Health: -1/49      AC: 12    Str: 20 (22) XL:     5   Next: 48%
Magic:  4/4        EV:  5    Int:  2 (5)  God:
Gold:   66         SH:  4    Dex:  7 (10) Spells: 4/4 levels left

rFire   + . .      SeeInvis .   a - +0 war axe {axe}
rCold   + . .      Faith    .   c - +0 buckler
rNeg    . . .      Spirit   .   p - +0 plate armour
rPois   +          Reflect  .   (helmet restricted)
rElec   +          Harm     .   (no cloak)
rCorr   +          Rampage  .   (no gloves)
Will    .....                   (no boots)
Stlth   ..........              (no amulet)
HPRegen 0.16/turn               (no ring)
MPRegen 0.09/turn               (no ring)

@: lethally poisoned (-1 -> -2), resistant
A: horns 2, retaliatory headbutt
a: no special abilities


You were on level 3 of the Dungeon.
You visited 1 branch of the dungeon, and saw 3 of its levels.

You collected 66 gold pieces.


Innate Abilities, Weirdness & Mutations

You have a pair of horns on your head.
You reflexively headbutt those who attack you in melee.


   Skills:
 * Level 5.6 Fighting
 * Level 4.8 Axes
 + Level 4.5 Armour
 - Level 3.6 Shields


You had 4 spell levels left.
You didn't know any spells.
Your spell library contained the following spells:

 Spells                   Type           Power      Damage    Failure   Level
 Iskenderun's Battlesphe  Conj           0%         2d6       100%        5
 Iron Shot                Conj/Erth      0%         9d1       100%        6
 Spellforged Servitor     Conj/Summ      0%         N/A       100%        7

Inventory:

Hand Weapons
 a - a +0 war axe (weapon) {axe}
 g - a +1 short sword of protection {short}
   (You took it off a kobold on level 1 of the Dungeon)
 l - a +1 dagger of draining {short}
   (You took it off a goblin on level 1 of the Dungeon)
Missiles
 e - 18 stones (quivered) {throwing}
 o - 9 poisoned darts {throwing}
 r - 2 curare-tipped darts {=fthrowing}
Armour
 c - a +0 buckler (worn)
 p - a +0 plate armour (worn)
   (You found it on level 2 of the Dungeon)
Jewellery
 t - a ring of resist corrosion
   (You found it on level 3 of the Dungeon)
Scrolls
 b - 2 scrolls of vulnerability {unknown}
 f - 2 scrolls of teleportation {unknown}
 h - a scroll of summoning {unknown}
 j - a scroll of silence {unknown}
 k - a scroll of blinking {unknown}
 m - a scroll of noise {unknown}
 n - 6 scrolls of identify {unknown}
Potions
 d - a potion of might
 q - a potion of curing {unknown}

Dungeon Overview and Level Annotations

Branches:
Dungeon (3/15) Zot: 15341

Altars:

#.# #.# .. #.# #.#
...#######.# #.# ########
...........# #.# ##.......
...##...#### #.# #..).....
###..#### #.####........
##....# #.#.....<...##
######.########.#.##.##.....
...........g@)...............
#########.######.#.......[...
#).# #.############
.....###.............
....#...#####..#######
.....#..........#
......#.≈≈≈≈≈≈≈..#
.......#.≈.....≈..# #
...######.≈.<._.≈..# #


You could see a gnoll.


Message History

An adder comes into view.
The gnoll barely misses you. You furiously retaliate!
You headbutt the gnoll. You block the gnoll's attack.
The gnoll completely misses you. 😕 HP[-6]
You take 6 damage, and now have 38/48 hp.
The adder hisses angrily.
You hit the gnoll.
You kill the gnoll!
You slash the gnoll! The gnoll hits you with a +0 club.
The gnoll hits you from afar with a +0 halberd! 😮 HP[-9]
You take 9 damage, and now have 29/48 hp.
You are too injured to fight recklessly!
You are too injured to fight recklessly!
You are too injured to fight recklessly!
You are too injured to fight recklessly!
You are too injured to fight recklessly!
You are too injured to fight recklessly!
You are too injured to fight recklessly!
You are too injured to fight recklessly!
You are too injured to fight recklessly!
You are too injured to fight recklessly!
You are too injured to fight recklessly!
You are too injured to fight recklessly!
You are too injured to fight recklessly!
You are too injured to fight recklessly!
You are too injured to fight recklessly!
Unknown command. 😮 HP[+1]
The gnoll attacks as you move away! You block the gnoll's attack.
The gnoll attacks as you move away! The gnoll hits you with a +0 club!
* * * LOW HITPOINT WARNING * * *
😨 HP[-7]
You take 7 damage, and now have 23/48 hp.
The gnoll attacks as you move away! The gnoll barely misses you.
You slash the gnoll!
You kill the gnoll!
You slash the hobgoblin!
You kill the hobgoblin! 😨 HP[+1]
The gnoll hits you from afar with a +0 halberd!
* * * LOW HITPOINT WARNING * * *
Things that are here:
a +0 club {mace}; a hobgoblin corpse; a gnoll corpse 😨 HP[-9]
You take 9 damage, and now have 15/48 hp.
The gnoll hits you with a +0 halberd.
* * * LOW HITPOINT WARNING * * *
You barely miss the gnoll. The gnoll barely misses you. 😨 HP[-1]
You take 1 damage, and now have 14/48 hp.
You slash the gnoll! You headbutt the gnoll.
You kill the gnoll!
You block the adder's attack.
You miss the adder. You block the adder's attack.
The adder bites you but does no damage. 😨 HP[+1]
You closely miss the adder. You block the adder's attack.
You closely miss the adder. You headbutt the adder.
You block the adder's attack. The adder bites you but does no damage.
You barely miss the adder. The adder bites you but does no damage.
You hit the adder. Your headbutt misses the adder. The adder bites you.
* * * LOW HITPOINT WARNING * * *
The adder bites you but does no damage.
You closely miss the adder. Your headbutt misses the adder.
The adder bites you.
* * * LOW HITPOINT WARNING * * *
You are poisoned.
The adder poisons you!
The adder bites you but does no damage. 😨 HP[-2]
You take 2 damage, and now have 13/48 hp.
You barely miss the adder.
You feel very sick. The adder completely misses you.
The adder bites you but does no damage. 😱 HP[-3]
You take 3 damage, and now have 10/48 hp.
You slash the adder!
You kill the adder!
You feel sick. The gnoll hits you with a +0 whip.
* * * LOW HITPOINT WARNING * * *
😱 HP[-6]
You now have 49 max hp (+1).
You take 6 damage, and now have 4/49 hp.
You barely miss the gnoll. You headbutt the gnoll!
* * * LOW HITPOINT WARNING * * *
You feel sick.
The gnoll hits you but does no damage. 😱 HP[-1]
You take 1 damage, and now have 3/49 hp.
Unknown command.
Okay, then.
It was a potion of resistance.
You feel protected.
* * * LOW HITPOINT WARNING * * *
You feel sick. The gnoll hits you but does no damage.
It was a potion of degeneration.
There was something very wrong with that liquid.
You feel weakened.
You feel dopey.
You feel clumsy.
* * * LOW HITPOINT WARNING * * *
You feel sick. The gnoll hits you with a +0 whip.
You die...

Skill      XL: |  1  2  3  4 |
---------------+-------------+-----
Fighting       | 4 5 |  5.6
Axes           | 3 4 |  4.8
Armour         | 4 |  4.5
Shields        | |  3.6

Action                   |  1- 3 |  4- 6 || total
-------------------------+-------+-------++-------
Melee: War axe           |    84 |    55 ||   139
       Headbutt          |    13 |     7 ||    20
  Use: Potion            |       |     2 ||     2
Armor: Scale mail        |    50 |       ||    50
       Plate armour      |     8 |    26 ||    34
Dodge: Dodged            |    44 |    14 ||    58
Block: Buckler           |    21 |    13 ||    34

Levels and vault maps discovered:
D:1:      dpeg_arrival_pits, layout_basic
D:2:      wad_crossroads, layout_basic, st_stairs_9, uniq_natasha
D:3:      layout_basic, nicolae_ecumenical_oubliette

Notes
Turn   | Place    | Note
-------+----------+-------------------------------------------
     0 | D:1      | Sanktem7 the Minotaur Fighter began the quest for the Orb.
     0 | D:1      | Reached XP level 1. HP: 19/19 MP: 0/0
     0 | D:1      | magus.rc [v1.9.6]
    99 | D:1      | Reached skill level 4 in Fighting
    99 | D:1      | Reached XP level 2. HP: 24/27 MP: 1/1
   194 | D:1      | Reached skill level 3 in Axes
   514 | D:1      | HP: 6/24 [frozen (1)]
   792 | D:1      | Reached XP level 3. HP: 32/32 MP: 2/2
   829 | D:1      | Reached skill level 4 in Armour
  1418 | D:2      | Reached XP level 4. HP: 41/41 MP: 3/3
  1651 | D:2      | Reached skill level 4 in Axes
  1906 | D:2      | Reached skill level 5 in Fighting
  1973 | D:2      | Noticed Natasha
  1980 | D:2      | Killed Natasha
  2269 | D:2      | Noticed Natasha
  2277 | D:2      | Killed Natasha
  2278 | D:2      | Reached XP level 5. HP: 43/48 MP: 4/4
  2514 | D:3      | Found a faded altar of an unknown god.
  2537 | D:3      | You pick up a book of Power and begin reading...
  2537 | D:3      | You add the spells Iskenderun's Battlesphere, Iron Shot and
                  | Spellforged Servitor to your library.
  2604 | D:3      | HP: 10/48 [poisoned by an adder]
  2605 | D:3      | HP: 4/48 [gnoll/+0 whip (5)]
  2608 | D:3      | Slain by a gnoll

Vanquished Creatures
  Natasha (twice) (D:2)
  3 gnolls (D:3)
  6 adders
  A worm (D:2)
  2 dart slugs
  4 ball pythons
  11 endoplasms
  3 giant cockroaches
  3 goblins
  7 hobgoblins
  A quokka (D:1)
  8 bats
  3 frilled lizards
  5 kobolds
  4 rats
63 creatures vanquished.

Table legend:
 A = Non-vault XP
 B = Vault XP
 C = Vault XP percentage of total XP
 D = Non-vault monster count
 E = Vault monster count
 F = Vault count percentage of total count
                 A         B        C        D         E       F
            +---------+---------+-------+---------+---------+-------
      Total |     226 |      60 |  21.0 |      55 |       8 |  12.7
            +---------+---------+-------+---------+---------+-------
        D:1 |      59 |      13 |  18.1 |      27 |       1 |   3.6
        D:2 |     102 |      47 |  31.5 |      19 |       7 |  26.9
        D:3 |      65 |       0 |   0.0 |       9 |       0 |   0.0
            +---------+---------+-------+---------+---------+-------

Illustrated notes

Table legend:
 A = Kills in this place as a percentage of kills in entire the game.
 B = Kills by you in this place as a percentage of kills by you in the entire game.
 C = Kills by friends in this place as a percentage of kills by friends in the entire game.
 D = Other kills in this place as a percentage of other kills in the entire game.
 E = Experience gained in this place as a percentage of experience gained in the entire game.
 F = Experience gained in this place divided by the number of levels of this place that you have seen.
                   A       B       C       D       E      F
               +-------+-------+-------+-------+-------+----------------------
         Total | 100.0 | 100.0 |   N/A |   N/A | 100.0 |  95.3
       Dungeon | 100.0 | 100.0 |   N/A |   N/A | 100.0 |  95.3
               +-------+-------+-------+-------+-------+----------------------

Table legend: (Time is in decaauts)
 A = Elapsed time spent in this place.
 B = Non-inter-level travel time spent in this place.
 C = Inter-level travel time spent in this place.
 D = Time resting spent in this place.
 E = Time spent auto-exploring this place.
 F = Levels seen in this place.
 G = Mean time per level.
                   A        B        C        D        E       F      G
               +--------+--------+--------+--------+--------+-----+--------+
         Total |   2657 |   2638 |     19 |    211 |   2027 |   3 |  885.7 |
       Dungeon |   2657 |   2638 |     19 |    211 |   2027 |   3 |  885.7 |
               +--------+--------+--------+--------+--------+-----+--------+

Top non-repeatable levels by time:
     D:2: 1337 daAuts
     D:1: 1051 daAuts
     D:3: 268 daAuts
